 Dungeon Crawl Stone Soup version 0.24-a0-249-g2af7e837d0 (webtiles) character file.

Game seed: 14023753539886680617

1517 Redear the Warrior (level 8, -9/61 HPs)
             Began as a Demonspawn Fighter on Apr 13, 2019.
             Was a Believer of Okawaru.
             Mangled by a hornet zombie (10 damage)
             ... on level 7 of the Dungeon.
             The game lasted 00:13:40 (6589 turns).

Redear the Warrior (Demonspawn Fighter)             Turns: 6589, Time: 00:13:41

Health: -9/61      AC: 13    Str: 21    XL:     8   Next: 54%
Magic:  14/16      EV: 17    Int: 10    God:    Okawaru [**....]
Gold:   63         SH:  0    Dex: 15    Spells: 7/7 levels left

rFire    . . .     SeeInvis .   y - +0 whip
rCold    . . .     Gourm    .   (no shield)
rNeg     . . .     Faith    .   b - +0 scale mail
rPois    +         Spirit   .   (helmet restricted)
rElec    .         Reflect  .   B - +0 cloak
rCorr    .         Harm     .   (no gloves)
MR       .....                  v - +1 pair of boots
Stlth    +.........             (no amulet)
HPRegen  0.20/turn              h - ring of attention (curse)
MPRegen  0.15/turn              i - +3 ring of evasion

@: mighty, heroism
A: horns 1, talons 1, thin metallic scales 1, demonic guardian 1, poison
resistance, spiny 1
a: Heroism, Renounce Religion


You were on level 7 of the Dungeon.
You worshipped Okawaru.
Okawaru was pleased with you.
You were not hungry.

You visited 2 branches of the dungeon, and saw 8 of its levels.

You collected 288 gold pieces.
You spent 225 gold pieces at shops.

Inventory:

Hand Weapons
 a - a +0 flail
 o - a +2 hunting sling of freezing
 u - a cursed -1 short sword
 y - a +0 whip (weapon)
Armour
 b - a +0 scale mail (worn)
 c - a +0 shield
 r - a +0 helmet
 v - a +1 pair of boots (worn)
 B - a +0 cloak (worn)
Jewellery
 h - a cursed ring of attention (left hand)
 i - a +3 ring of evasion (right hand)
 m - an uncursed ring of protection from magic {MR+}
 p - an uncursed ring of wizardry {Wiz+}
 w - an uncursed ring of magical power {MP+9}
Wands
 A - a wand of acid (8)
 I - a wand of iceblast (4)
 P - a wand of paralysis (9)
Scrolls
 e - a scroll of enchant armour {unknown}
 g - a scroll of fog {unknown}
 k - a scroll of remove curse {unknown}
 l - a scroll of fear {unknown}
 n - a scroll of immolation {unknown}
 q - 2 scrolls of noise {unknown}
 s - a scroll of magic mapping {unknown}
 t - a scroll of enchant weapon {unknown}
 R - 2 scrolls of identify
 T - 4 scrolls of teleportation {@r3}
Potions
 d - a potion of might {Str+5 DMG+1d10 | @q3}
 f - a potion of haste {unknown}
 j - 2 potions of heal wounds
 x - a potion of brilliance {unknown}
Comestibles
 z - 8 rations


   Skills:
 + Level 4.3(9.3) Fighting
 + Level 3.3(8.3) Maces & Flails
 - Level 2.6(7.6) Armour
 - Level 2.6(7.6) Dodging
 + Level 3.9(8.9) Shields
 - Level 10.9 Invocations


You had 7 spell levels left.
You didn't know any spells.
Your spell library was empty.

Dungeon Overview and Level Annotations

Branches:
Dungeon (7/15)             Temple (1/1) D:4

Altars:
Ashenzari
Cheibriados
Dithmenos
Elyvilon
Fedhas
Gozag
Hepliaklqana
Kikubaaqudgha
Makhleb
Nemelex Xobeh
Okawaru
Qazlal
Sif Muna
Trog
Uskayaw
Vehumet
Wu Jian
Xom

Shops:
D:4 }[!%[

Annotations:
D:7 Harold


Innate Abilities, Weirdness & Mutations

You have sharp toenails.
You are partially covered in thin metallic scales. (AC +2)
A weak demonic guardian rushes to your aid.
You are partially covered in sharp spines.
You have a pair of small horns on your head.
Your system is resistant to poisons. (rPois)


Message History

Harold hits you with a +3 scimitar of holy wrath!
You convulse.
The hornet zombie is struck by your spines.
The hornet zombie hits you.
You take 19 damage, and have 23/61 hp.
MASSIVE DAMAGE!!
Unknown command.
You feel very mighty all of a sudden.
Your ufetubus hits Harold.
Your ufetubus closely misses Harold.
The hornet zombie closely misses you.
Your ufetubus hits Harold but does no damage. x2
Okay, then.
You whack Harold!
Harold is moderately wounded.
Your white imp hits the hornet zombie but does no damage.
Harold hits you with a +3 scimitar of holy wrath!
* * * LOW HITPOINT WARNING * * *
You convulse.
* * * LOW HITPOINT WARNING * * *
The hornet zombie hits you!
You die...

.## #.##..#...#
..###........##
..#...........#
..###.........##
...#....#......#
.....[.###.###.###
.......###.......##
........#...##5...#
...............Z@.#
.........#......5@...#
.........#........#..#
...........##§.§§§§..#
..##.......###§§§§.§ #
#####......# §§§§§§.#
. .......##..§§§§.#
.......##... .§#
..)....


You could see Harold, a hornet zombie, a friendly white imp and a friendly
ufetubus.

Vanquished Creatures
  Eustachio (D:6)
  An orc warrior (D:6)
  An ice beast (D:6)
  An ogre (D:6)
  3 bullfrogs
  A wight (D:7)
  A bullfrog zombie (D:6)
  A bullfrog skeleton (D:6)
  An orc priest (D:3)
  3 orc wizards
  Jessica (D:3)
  An iguana (D:7)
  5 worker ants
  A killer bee zombie (D:7)
  A mummy (D:7)
  A hound zombie (D:5)
  A hound skeleton (D:4)
  A howler monkey zombie (D:6)
  6 gnolls (D:5)
  9 adders
  An ooze (D:4)
  3 worms
  2 dart slugs
  4 leopard geckos
  16 orcs
  3 ball pythons
  A bat zombie (D:6)
  6 giant cockroaches
  3 goblins
  A hobgoblin (D:1)
  16 jackals
  4 quokkas
  2 bats
  10 frilled lizards
  6 kobolds
  A quokka skeleton (D:4)
  A quokka zombie (D:5)
  8 rats
  A rat zombie (D:6)
130 creatures vanquished.

Vanquished Creatures (collateral kills)
  An ogre (D:4)
  2 bullfrogs
  A crimson imp (D:5)
  2 orc wizards (D:3)
  A hound (D:5)
  A gnoll (D:5)
  A shadow imp (D:5)
  An ooze (D:7)
  A dart slug (D:5)
  3 orcs
  A quokka (D:6)
15 creatures vanquished.

Grand Total: 145 creatures vanquished

Notes
Turn   | Place    | Note
-------+----------+-------------------------------------------
     0 | D:1      | Redear the Demonspawn Fighter began the quest for the Orb.
     0 | D:1      | Reached XP level 1. HP: 18/18 MP: 1/1
   326 | D:1      | Gained mutation: A weak demonic guardian rushes to your
                  | aid. [demonic ancestry]
   326 | D:1      | Reached XP level 2. HP: 24/24 MP: 2/2
   383 | D:1      | Reached skill level 2 in Maces & Flails
   712 | D:2      | Reached skill level 3 in Shields
   727 | D:2      | Reached skill level 1 in Dodging
   948 | D:2      | Reached XP level 3. HP: 29/29 MP: 3/3
  1197 | D:2      | Found a deep blue altar of Sif Muna.
  1675 | D:3      | Gained mutation: You are partially covered in sharp spines.
                  | [demonic ancestry]
  1675 | D:3      | Reached XP level 4. HP: 23/36 MP: 4/4
  1707 | D:3      | Found a white marble altar of Elyvilon.
  1768 | D:3      | HP: 3/37 [poisoned by an adder]
  2177 | D:3      | Reached skill level 2 in Dodging
  2177 | D:3      | Reached XP level 5. HP: 31/42 MP: 5/5
  2285 | D:3      | Noticed Jessica
  2294 | D:3      | Killed Jessica
  2294 | D:3      | Reached skill level 4 in Fighting
  2342 | D:3      | Found a bloodstained altar of Trog.
  2346 | D:3      | Reached skill level 3 in Maces & Flails
  2446 | D:4      | Found Saob's Gadget Shoppe.
  2530 | D:4      | Found Qaig's Armour Shoppe.
  2533 | D:4      | Bought a +0 helmet for 49 gold pieces
  2543 | D:4      | Noticed an ogre
  2553 | D:4      | Killed an ogre
  2553 | D:4      | Gained mutation: You are partially covered in thin metallic
                  | scales. (AC +2) [demonic ancestry]
  2553 | D:4      | Reached XP level 6. HP: 12/48 MP: 6/6
  2803 | D:4      | Found a staircase to the Ecumenical Temple.
  2814 | Temple   | Entered the Ecumenical Temple
  3040 | Temple   | Became a worshipper of Warmaster Okawaru
  3065 | D:4      | Found Lucipsy's Food Shoppe.
  3122 | D:4      | Reached skill level 1 in Invocations
  3189 | D:4      | Found a sparkling altar of Nemelex Xobeh.
  3204 | D:4      | Reached skill level 2 in Invocations
  3471 | D:4      | Found Mumuim's Antique Armour Shoppe.
  3767 | D:4      | Found Hiblauhe's Distillery.
  3770 | D:4      | Bought a potion of mutation for 88 gold pieces
  3770 | D:4      | Gained mutation: Scrolls take you a little longer to read.
                  | [potion of mutation]
  3770 | D:4      | Gained mutation: Your muscles are strong. (Str +2) [potion
                  | of mutation]
  3853 | D:5      | Entered Level 5 of the Dungeon
  3890 | D:5      | Reached skill level 3 in Invocations
  4287 | D:5      | Reached skill level 4 in Invocations
  4341 | D:5      | Reached XP level 7. HP: 39/54 MP: 10/10
  4343 | D:5      | Reached skill level 5 in Invocations
  4876 | D:5      | Found a blossoming altar of Fedhas.
  4876 | D:5      | Found an opulent altar of Gozag.
  5120 | D:6      | Reached skill level 6 in Invocations
  5139 | D:6      | Reached * piety under Okawaru
  5227 | D:6      | Noticed Eustachio
  5271 | D:6      | Killed Eustachio
  5271 | D:6      | Reached skill level 7 in Invocations
  5285 | D:6      | Found a stormy altar of Qazlal.
  5356 | D:6      | Reached skill level 8 in Invocations
  5399 | D:6      | Gained mutation: You have sharp toenails. [demonic
                  | ancestry]
  5399 | D:6      | Reached XP level 8. HP: 36/60 MP: 14/14
  5478 | D:6      | Reached skill level 9 in Invocations
  5912 | D:6      | Found an ancient bone altar of Kikubaaqudgha.
  6026 | D:6      | Reached skill level 10 in Invocations
  6289 | D:7      | Reached ** piety under Okawaru
  6378 | D:4      | Bought a potion of mutation for 88 gold pieces
  6378 | D:4      | Lost mutation: Scrolls take you a little longer to read.
                  | [potion of mutation]
  6378 | D:4      | Lost mutation: Your muscles are strong. (Str +2) [potion of
                  | mutation]
  6378 | D:4      | Gained mutation: Your muscles are strong. (Str +2) [potion
                  | of mutation]
  6378 | D:4      | Lost mutation: Your muscles are strong. (Str +2) [potion of
                  | mutation]
  6378 | D:4      | Gained mutation: Your system is resistant to poisons.
                  | (rPois) [potion of mutation]
  6378 | D:4      | Gained mutation: You have a pair of small horns on your
                  | head. [potion of mutation]
  6582 | D:7      | Noticed Harold
  6589 | D:7      | HP: 1/61 [Harold/+3 scimitar of holy wrath (6)]
  6589 | D:7      | Mangled by a hornet zombie

Levels and vault maps discovered:
D:1:      dpeg_arrival_simpleton_c, layout_basic, serial_glass, glass_columns_b,
          glass_columns_a, minmay_tetromino_s2
D:2:      layout_loops_cross, nicolae_overflow_hidden_temple
D:3:      layout_basic, lightli_temple_of_fire, lemuel_doored_altar,
          uniq_jessica
D:4:      layout_gridville, minmay_temple_entry_grid, serial_shops,
          nicolae_shop_behind_doors, shop_statue, shop_fountains,
          kennysheep_mini_moat, shop, nemelex_dance_club_becter
D:5:      layout_cave_pods, gammafunk_temple_overflow_elements, first_ration
D:6:      layout_basic, lemuel_zombie_altar_kikubaaqudgha,
          nicolae_qazlal_eye_of_the_storm, uniq_eustachio
D:7:      layout_cave_pools, nicolae_ru_great_annihilating_truth, basic_altar,
          serial_undead, serial_undead_b, serial_undead_a, serial_undead_a,
          serial_undead_a, serial_undead_c, serial_undead_e, serial_undead_e,
          serial_undead_d, uniq_menkaure, uniq_harold
Temple:   minmay_temple_curvy_loop

Skill      XL: |  1  2  3  4  5  6  7  8 |
---------------+-------------------------+-----
Maces & Flails | 2 3 |  3.3
Shields        | 3 |  3.9
Dodging        | 1 2 |  2.6
Fighting       | 4 |  4.3
Invocations    | 4 8 10 | 10.9
Armour         | |  2.6

Action                   |  1- 3 |  4- 6 |  7- 9 || total
-------------------------+-------+-------+-------++-------
Melee: Flail             |   117 |   132 |   139 ||   388
       Whip              |       |       |    42 ||    42
       Headbutt          |       |       |     7 ||     7
Invok: Heroism           |       |       |     3 ||     3
  Use: Potion            |       |     1 |     2 ||     3
       Scroll            |       |       |     1 ||     1
 Stab: Distracted        |       |     1 |       ||     1
  Eat: Chunk             |     2 |     7 |     9 ||    18
Armor: Scale mail        |    61 |    70 |    61 ||   192
Dodge: Dodged            |    64 |    88 |   112 ||   264

Table legend:
 A = Non-vault XP
 B = Vault XP
 C = Vault XP percentage of total XP
 D = Non-vault monster count
 E = Vault monster count
 F = Vault count percentage of total count
                 A         B        C        D         E       F
            +---------+---------+-------+---------+---------+-------
      Total |    1827 |     341 |  15.7 |     134 |      11 |   7.6
            +---------+---------+-------+---------+---------+-------
        D:1 |      26 |       2 |   7.1 |      16 |       2 |  11.1
        D:2 |      43 |       0 |   0.0 |      16 |       0 |   0.0
        D:3 |     222 |      35 |  13.6 |      31 |       1 |   3.1
        D:4 |     194 |      10 |   4.9 |      15 |       2 |  11.8
        D:5 |     338 |       0 |   0.0 |      24 |       0 |   0.0
        D:6 |     855 |     201 |  19.0 |      23 |       3 |  11.5
        D:7 |     149 |      93 |  38.4 |       9 |       3 |  25.0
            +---------+---------+-------+---------+---------+-------
